Workbook

Sheet Summary
A1: HVAC Ductwork Estimate Summary
A3: Estimate Indicator | B3: Calculated Value | D3: Category | E3: Estimated Price
A4: Entered lines | B4: =COUNTIF('Estimate Lines'!$I$6:$I$105,"<>") | D4: ='Assumptions'!D4 | E4: =IF($B$5=0,"",SUMIFS('Estimate Lines'!$W$6:$W$105,'Estimate Lines'!$H$6:$H$105,D4,'Estimate Lines'!$P$6:$P$105,"<>Excluded",'Estimate Lines'!$P$6:$P$105,"<>"))
A5: Non-excluded lines | B5: =COUNTIFS('Estimate Lines'!$I$6:$I$105,"<>",'Estimate Lines'!$P$6:$P$105,"<>",'Estimate Lines'!$P$6:$P$105,"<>Excluded") | D5: ='Assumptions'!D5 | E5: =IF($B$5=0,"",SUMIFS('Estimate Lines'!$W$6:$W$105,'Estimate Lines'!$H$6:$H$105,D5,'Estimate Lines'!$P$6:$P$105,"<>Excluded",'Estimate Lines'!$P$6:$P$105,"<>"))
A6: Excluded lines | B6: =COUNTIF('Estimate Lines'!$P$6:$P$105,"Excluded") | D6: ='Assumptions'!D6 | E6: =IF($B$5=0,"",SUMIFS('Estimate Lines'!$W$6:$W$105,'Estimate Lines'!$H$6:$H$105,D6,'Estimate Lines'!$P$6:$P$105,"<>Excluded",'Estimate Lines'!$P$6:$P$105,"<>"))
A7: Draft lines | B7: =COUNTIF('Estimate Lines'!$P$6:$P$105,"Draft") | D7: ='Assumptions'!D7 | E7: =IF($B$5=0,"",SUMIFS('Estimate Lines'!$W$6:$W$105,'Estimate Lines'!$H$6:$H$105,D7,'Estimate Lines'!$P$6:$P$105,"<>Excluded",'Estimate Lines'!$P$6:$P$105,"<>"))
A8: Items needing review | B8: =COUNTIF('Estimate Lines'!$X$6:$X$105,"Check*")+COUNTIF('Estimate Lines'!$X$6:$X$105,"Review*") | D8: ='Assumptions'!D8 | E8: =IF($B$5=0,"",SUMIFS('Estimate Lines'!$W$6:$W$105,'Estimate Lines'!$H$6:$H$105,D8,'Estimate Lines'!$P$6:$P$105,"<>Excluded",'Estimate Lines'!$P$6:$P$105,"<>"))
A9: Material subtotal | B9: =IF($B$5=0,"",SUMIFS('Estimate Lines'!$R$6:$R$105,'Estimate Lines'!$P$6:$P$105,"<>Excluded",'Estimate Lines'!$P$6:$P$105,"<>"))
A10: Labor hours | B10: =IF($B$5=0,"",SUMIFS('Estimate Lines'!$S$6:$S$105,'Estimate Lines'!$P$6:$P$105,"<>Excluded",'Estimate Lines'!$P$6:$P$105,"<>"))
A11: Labor subtotal | B11: =IF($B$5=0,"",SUMIFS('Estimate Lines'!$T$6:$T$105,'Estimate Lines'!$P$6:$P$105,"<>Excluded",'Estimate Lines'!$P$6:$P$105,"<>"))
A12: Estimated cost | B12: =IF($B$5=0,"",SUMIFS('Estimate Lines'!$U$6:$U$105,'Estimate Lines'!$P$6:$P$105,"<>Excluded",'Estimate Lines'!$P$6:$P$105,"<>"))
A13: Estimated price | B13: =IF($B$5=0,"",SUMIFS('Estimate Lines'!$W$6:$W$105,'Estimate Lines'!$P$6:$P$105,"<>Excluded",'Estimate Lines'!$P$6:$P$105,"<>"))
A14: Gross margin | B14: =IF(OR(B12="",B13=""),"",IFERROR(B13-B12,""))
A15: Gross margin % | B15: =IF(OR(B13="",B13=0),"",IFERROR(B14/B13,""))
A16: Earliest estimate date | B16: =IF(COUNT('Estimate Lines'!$E$6:$E$105)=0,"",MIN('Estimate Lines'!$E$6:$E$105))
A17: Latest estimate date | B17: =IF(COUNT('Estimate Lines'!$E$6:$E$105)=0,"",MAX('Estimate Lines'!$E$6:$E$105))

Sheet Estimate Lines
A1: HVAC Ductwork Estimate Lines
A3: Editable cells | B3: Enter or revise | Q3: Calculated cells | R3: Recalculates from inputs
A5: Line | B5: Job ID | C5: Customer | D5: Job | E5: Estimate Date | F5: Equipment / System | G5: Technician | H5: Category | I5: Description | J5: Quantity | K5: Unit | L5: Material Unit Cost | M5: Labor Hrs / Unit | N5: Waste % | O5: Responsibility | P5: Status | Q5: Extended Qty | R5: Material Cost | S5: Labor Hours | T5: Labor Cost | U5: Line Cost | V5: Markup % | W5: Estimated Price | X5: Input Check
A6: =IF(I6="","",ROW()-5) | B6: DEMO-101 | C6: Bluebird Sample Market (Fictional) | D6: Demo sales floor duct revision | E6: 46266 | F6: Demo RTU-A (Fictional) | G6: Avery Example (Fictional) | H6: Rectangular Duct | I6: 18 x 12 in. rectangular supply trunk | J6: 120 | K6: ft | L6: 19.25 | M6: 0.3 | N6: 0.1 | O6: Contractor | P6: Included | Q6: =IF(OR(I6="",J6="",N6=""),"",IFERROR(J6*(1+N6),"")) | R6: =IF(OR(I6="",Q6="",L6=""),"",IFERROR(Q6*L6,"")) | S6: =IF(OR(I6="",J6="",M6=""),"",IFERROR(J6*M6,"")) | T6: =IF(OR(I6="",S6=""),"",IFERROR(S6*'Assumptions'!$B$4,"")) | U6: =IF(OR(I6="",R6="",T6=""),"",IFERROR(SUM(R6,T6),"")) | V6: =IF(OR(I6="",H6=""),"",IFERROR(VLOOKUP(H6,'Assumptions'!$D$4:$E$8,2,FALSE),"")) | W6: =IF(OR(I6="",P6="",P6="Excluded",U6="",V6=""),"",IFERROR(U6*(1+V6),"")) | X6: =IF(I6="","",IF(B6="","Check job ID",IF(C6="","Check customer",IF(D6="","Check job",IF(E6="","Check date",IF(F6="","Check equipment",IF(G6="","Check technician",IF(H6="","Check category",IF(OR(J6="",J6<=0),"Check quantity",IF(K6="","Check unit",IF(L6="","Check unit cost",IF(M6="","Check labor",IF(N6="","Check waste",IF(O6="","Check responsibility",IF(P6="","Check status",IF(P6="Excluded","Excluded",IF(V6="","Check category markup",IF(U6="","Check cost inputs",IF(P6="Draft","Review draft",IF(W6>'Assumptions'!$B$13,"Review line price","Ready"))))))))))))))))))))
A7: =IF(I7="","",ROW()-5) | B7: DEMO-101 | C7: Bluebird Sample Market (Fictional) | D7: Demo sales floor duct revision | E7: 46266 | F7: Demo RTU-A (Fictional) | G7: Avery Example (Fictional) | H7: Fitting | I7: 18 x 12 in. 90-degree elbows | J7: 6 | K7: each | L7: 48 | M7: 0.65 | N7: 0.05 | O7: Contractor | P7: Included | Q7: =IF(OR(I7="",J7="",N7=""),"",IFERROR(J7*(1+N7),"")) | R7: =IF(OR(I7="",Q7="",L7=""),"",IFERROR(Q7*L7,"")) | S7: =IF(OR(I7="",J7="",M7=""),"",IFERROR(J7*M7,"")) | T7: =IF(OR(I7="",S7=""),"",IFERROR(S7*'Assumptions'!$B$4,"")) | U7: =IF(OR(I7="",R7="",T7=""),"",IFERROR(SUM(R7,T7),"")) | V7: =IF(OR(I7="",H7=""),"",IFERROR(VLOOKUP(H7,'Assumptions'!$D$4:$E$8,2,FALSE),"")) | W7: =IF(OR(I7="",P7="",P7="Excluded",U7="",V7=""),"",IFERROR(U7*(1+V7),"")) | X7: =IF(I7="","",IF(B7="","Check job ID",IF(C7="","Check customer",IF(D7="","Check job",IF(E7="","Check date",IF(F7="","Check equipment",IF(G7="","Check technician",IF(H7="","Check category",IF(OR(J7="",J7<=0),"Check quantity",IF(K7="","Check unit",IF(L7="","Check unit cost",IF(M7="","Check labor",IF(N7="","Check waste",IF(O7="","Check responsibility",IF(P7="","Check status",IF(P7="Excluded","Excluded",IF(V7="","Check category markup",IF(U7="","Check cost inputs",IF(P7="Draft","Review draft",IF(W7>'Assumptions'!$B$13,"Review line price","Ready"))))))))))))))))))))
A8: =IF(I8="","",ROW()-5) | B8: DEMO-101 | C8: Bluebird Sample Market (Fictional) | D8: Demo sales floor duct revision | E8: 46266 | F8: Demo RTU-A (Fictional) | G8: Avery Example (Fictional) | H8: Insulation | I8: Duct wrap for supply trunk and fittings | J8: 380 | K8: sq ft | L8: 2.4 | M8: 0.055 | N8: 0.1 | O8: Contractor | P8: Reviewed | Q8: =IF(OR(I8="",J8="",N8=""),"",IFERROR(J8*(1+N8),"")) | R8: =IF(OR(I8="",Q8="",L8=""),"",IFERROR(Q8*L8,"")) | S8: =IF(OR(I8="",J8="",M8=""),"",IFERROR(J8*M8,"")) | T8: =IF(OR(I8="",S8=""),"",IFERROR(S8*'Assumptions'!$B$4,"")) | U8: =IF(OR(I8="",R8="",T8=""),"",IFERROR(SUM(R8,T8),"")) | V8: =IF(OR(I8="",H8=""),"",IFERROR(VLOOKUP(H8,'Assumptions'!$D$4:$E$8,2,FALSE),"")) | W8: =IF(OR(I8="",P8="",P8="Excluded",U8="",V8=""),"",IFERROR(U8*(1+V8),"")) | X8: =IF(I8="","",IF(B8="","Check job ID",IF(C8="","Check customer",IF(D8="","Check job",IF(E8="","Check date",IF(F8="","Check equipment",IF(G8="","Check technician",IF(H8="","Check category",IF(OR(J8="",J8<=0),"Check quantity",IF(K8="","Check unit",IF(L8="","Check unit cost",IF(M8="","Check labor",IF(N8="","Check waste",IF(O8="","Check responsibility",IF(P8="","Check status",IF(P8="Excluded","Excluded",IF(V8="","Check category markup",IF(U8="","Check cost inputs",IF(P8="Draft","Review draft",IF(W8>'Assumptions'!$B$13,"Review line price","Ready"))))))))))))))))))))
A9: =IF(I9="","",ROW()-5) | B9: DEMO-101 | C9: Bluebird Sample Market (Fictional) | D9: Demo sales floor duct revision | E9: 46266 | F9: Demo RTU-A (Fictional) | G9: Avery Example (Fictional) | H9: Accessory | I9: Manual balancing dampers | J9: 8 | K9: each | L9: 34 | M9: 0.45 | N9: 0 | O9: Contractor | P9: Draft | Q9: =IF(OR(I9="",J9="",N9=""),"",IFERROR(J9*(1+N9),"")) | R9: =IF(OR(I9="",Q9="",L9=""),"",IFERROR(Q9*L9,"")) | S9: =IF(OR(I9="",J9="",M9=""),"",IFERROR(J9*M9,"")) | T9: =IF(OR(I9="",S9=""),"",IFERROR(S9*'Assumptions'!$B$4,"")) | U9: =IF(OR(I9="",R9="",T9=""),"",IFERROR(SUM(R9,T9),"")) | V9: =IF(OR(I9="",H9=""),"",IFERROR(VLOOKUP(H9,'Assumptions'!$D$4:$E$8,2,FALSE),"")) | W9: =IF(OR(I9="",P9="",P9="Excluded",U9="",V9=""),"",IFERROR(U9*(1+V9),"")) | X9: =IF(I9="","",IF(B9="","Check job ID",IF(C9="","Check customer",IF(D9="","Check job",IF(E9="","Check date",IF(F9="","Check equipment",IF(G9="","Check technician",IF(H9="","Check category",IF(OR(J9="",J9<=0),"Check quantity",IF(K9="","Check unit",IF(L9="","Check unit cost",IF(M9="","Check labor",IF(N9="","Check waste",IF(O9="","Check responsibility",IF(P9="","Check status",IF(P9="Excluded","Excluded",IF(V9="","Check category markup",IF(U9="","Check cost inputs",IF(P9="Draft","Review draft",IF(W9>'Assumptions'!$B$13,"Review line price","Ready"))))))))))))))))))))
A10: =IF(I10="","",ROW()-5) | B10: DEMO-101 | C10: Bluebird Sample Market (Fictional) | D10: Demo sales floor duct revision | E10: 46266 | F10: Demo RTU-A (Fictional) | G10: Avery Example (Fictional) | H10: Spiral Duct | I10: Customer-furnished spiral branch reference | J10: 20 | K10: ft | L10: 0 | M10: 0 | N10: 0 | O10: Customer | P10: Excluded | Q10: =IF(OR(I10="",J10="",N10=""),"",IFERROR(J10*(1+N10),"")) | R10: =IF(OR(I10="",Q10="",L10=""),"",IFERROR(Q10*L10,"")) | S10: =IF(OR(I10="",J10="",M10=""),"",IFERROR(J10*M10,"")) | T10: =IF(OR(I10="",S10=""),"",IFERROR(S10*'Assumptions'!$B$4,"")) | U10: =IF(OR(I10="",R10="",T10=""),"",IFERROR(SUM(R10,T10),"")) | V10: =IF(OR(I10="",H10=""),"",IFERROR(VLOOKUP(H10,'Assumptions'!$D$4:$E$8,2,FALSE),"")) | W10: =IF(OR(I10="",P10="",P10="Excluded",U10="",V10=""),"",IFERROR(U10*(1+V10),"")) | X10: =IF(I10="","",IF(B10="","Check job ID",IF(C10="","Check customer",IF(D10="","Check job",IF(E10="","Check date",IF(F10="","Check equipment",IF(G10="","Check technician",IF(H10="","Check category",IF(OR(J10="",J10<=0),"Check quantity",IF(K10="","Check unit",IF(L10="","Check unit cost",IF(M10="","Check labor",IF(N10="","Check waste",IF(O10="","Check responsibility",IF(P10="","Check status",IF(P10="Excluded","Excluded",IF(V10="","Check category markup",IF(U10="","Check cost inputs",IF(P10="Draft","Review draft",IF(W10>'Assumptions'!$B$13,"Review line price","Ready"))))))))))))))))))))
A11: =IF(I11="","",ROW()-5) | B11: DEMO-202 | C11: Juniper Example Workshop (Fictional) | D11: Demo fabrication area exhaust branch | E11: 46272 | F11: Demo Exhaust Fan-B (Fictional) | G11: Morgan Sample (Fictional) | H11: Spiral Duct | I11: 14 in. round spiral exhaust duct | J11: 90 | K11: ft | L11: 17.5 | M11: 0.25 | N11: 0.08 | O11: Contractor | P11: Included | Q11: =IF(OR(I11="",J11="",N11=""),"",IFERROR(J11*(1+N11),"")) | R11: =IF(OR(I11="",Q11="",L11=""),"",IFERROR(Q11*L11,"")) | S11: =IF(OR(I11="",J11="",M11=""),"",IFERROR(J11*M11,"")) | T11: =IF(OR(I11="",S11=""),"",IFERROR(S11*'Assumptions'!$B$4,"")) | U11: =IF(OR(I11="",R11="",T11=""),"",IFERROR(SUM(R11,T11),"")) | V11: =IF(OR(I11="",H11=""),"",IFERROR(VLOOKUP(H11,'Assumptions'!$D$4:$E$8,2,FALSE),"")) | W11: =IF(OR(I11="",P11="",P11="Excluded",U11="",V11=""),"",IFERROR(U11*(1+V11),"")) | X11: =IF(I11="","",IF(B11="","Check job ID",IF(C11="","Check customer",IF(D11="","Check job",IF(E11="","Check date",IF(F11="","Check equipment",IF(G11="","Check technician",IF(H11="","Check category",IF(OR(J11="",J11<=0),"Check quantity",IF(K11="","Check unit",IF(L11="","Check unit cost",IF(M11="","Check labor",IF(N11="","Check waste",IF(O11="","Check responsibility",IF(P11="","Check status",IF(P11="Excluded","Excluded",IF(V11="","Check category markup",IF(U11="","Check cost inputs",IF(P11="Draft","Review draft",IF(W11>'Assumptions'!$B$13,"Review line price","Ready"))))))))))))))))))))
A12: =IF(I12="","",ROW()-5) | B12: DEMO-202 | C12: Juniper Example Workshop (Fictional) | D12: Demo fabrication area exhaust branch | E12: 46272 | F12: Demo Exhaust Fan-B (Fictional) | G12: Morgan Sample (Fictional) | H12: Fitting | I12: 14 in. round branch tees | J12: 4 | K12: each | L12: 76 | M12: 0.9 | N12: 0.05 | O12: Contractor | P12: Included | Q12: =IF(OR(I12="",J12="",N12=""),"",IFERROR(J12*(1+N12),"")) | R12: =IF(OR(I12="",Q12="",L12=""),"",IFERROR(Q12*L12,"")) | S12: =IF(OR(I12="",J12="",M12=""),"",IFERROR(J12*M12,"")) | T12: =IF(OR(I12="",S12=""),"",IFERROR(S12*'Assumptions'!$B$4,"")) | U12: =IF(OR(I12="",R12="",T12=""),"",IFERROR(SUM(R12,T12),"")) | V12: =IF(OR(I12="",H12=""),"",IFERROR(VLOOKUP(H12,'Assumptions'!$D$4:$E$8,2,FALSE),"")) | W12: =IF(OR(I12="",P12="",P12="Excluded",U12="",V12=""),"",IFERROR(U12*(1+V12),"")) | X12: =IF(I12="","",IF(B12="","Check job ID",IF(C12="","Check customer",IF(D12="","Check job",IF(E12="","Check date",IF(F12="","Check equipment",IF(G12="","Check technician",IF(H12="","Check category",IF(OR(J12="",J12<=0),"Check quantity",IF(K12="","Check unit",IF(L12="","Check unit cost",IF(M12="","Check labor",IF(N12="","Check waste",IF(O12="","Check responsibility",IF(P12="","Check status",IF(P12="Excluded","Excluded",IF(V12="","Check category markup",IF(U12="","Check cost inputs",IF(P12="Draft","Review draft",IF(W12>'Assumptions'!$B$13,"Review line price","Ready"))))))))))))))))))))
A13: =IF(I13="","",ROW()-5) | B13: DEMO-202 | C13: Juniper Example Workshop (Fictional) | D13: Demo fabrication area exhaust branch | E13: 46272 | F13: Demo Exhaust Fan-B (Fictional) | G13: Morgan Sample (Fictional) | H13: Insulation | I13: Exterior wrap for round duct | J13: 300 | K13: sq ft | L13: 2.65 | M13: 0.06 | N13: 0.1 | O13: Contractor | P13: Reviewed | Q13: =IF(OR(I13="",J13="",N13=""),"",IFERROR(J13*(1+N13),"")) | R13: =IF(OR(I13="",Q13="",L13=""),"",IFERROR(Q13*L13,"")) | S13: =IF(OR(I13="",J13="",M13=""),"",IFERROR(J13*M13,"")) | T13: =IF(OR(I13="",S13=""),"",IFERROR(S13*'Assumptions'!$B$4,"")) | U13: =IF(OR(I13="",R13="",T13=""),"",IFERROR(SUM(R13,T13),"")) | V13: =IF(OR(I13="",H13=""),"",IFERROR(VLOOKUP(H13,'Assumptions'!$D$4:$E$8,2,FALSE),"")) | W13: =IF(OR(I13="",P13="",P13="Excluded",U13="",V13=""),"",IFERROR(U13*(1+V13),"")) | X13: =IF(I13="","",IF(B13="","Check job ID",IF(C13="","Check customer",IF(D13="","Check job",IF(E13="","Check date",IF(F13="","Check equipment",IF(G13="","Check technician",IF(H13="","Check category",IF(OR(J13="",J13<=0),"Check quantity",IF(K13="","Check unit",IF(L13="","Check unit cost",IF(M13="","Check labor",IF(N13="","Check waste",IF(O13="","Check responsibility",IF(P13="","Check status",IF(P13="Excluded","Excluded",IF(V13="","Check category markup",IF(U13="","Check cost inputs",IF(P13="Draft","Review draft",IF(W13>'Assumptions'!$B$13,"Review line price","Ready"))))))))))))))))))))
A14: =IF(I14="","",ROW()-5) | B14: DEMO-202 | C14: Juniper Example Workshop (Fictional) | D14: Demo fabrication area exhaust branch | E14: 46272 | F14: Demo Exhaust Fan-B (Fictional) | G14: Morgan Sample (Fictional) | H14: Rectangular Duct | I14: 24 x 14 in. return drop | J14: 35 | K14: ft | L14: 22 | M14: 0.4 | N14: 0.12 | O14: Contractor | P14: Draft | Q14: =IF(OR(I14="",J14="",N14=""),"",IFERROR(J14*(1+N14),"")) | R14: =IF(OR(I14="",Q14="",L14=""),"",IFERROR(Q14*L14,"")) | S14: =IF(OR(I14="",J14="",M14=""),"",IFERROR(J14*M14,"")) | T14: =IF(OR(I14="",S14=""),"",IFERROR(S14*'Assumptions'!$B$4,"")) | U14: =IF(OR(I14="",R14="",T14=""),"",IFERROR(SUM(R14,T14),"")) | V14: =IF(OR(I14="",H14=""),"",IFERROR(VLOOKUP(H14,'Assumptions'!$D$4:$E$8,2,FALSE),"")) | W14: =IF(OR(I14="",P14="",P14="Excluded",U14="",V14=""),"",IFERROR(U14*(1+V14),"")) | X14: =IF(I14="","",IF(B14="","Check job ID",IF(C14="","Check customer",IF(D14="","Check job",IF(E14="","Check date",IF(F14="","Check equipment",IF(G14="","Check technician",IF(H14="","Check category",IF(OR(J14="",J14<=0),"Check quantity",IF(K14="","Check unit",IF(L14="","Check unit cost",IF(M14="","Check labor",IF(N14="","Check waste",IF(O14="","Check responsibility",IF(P14="","Check status",IF(P14="Excluded","Excluded",IF(V14="","Check category markup",IF(U14="","Check cost inputs",IF(P14="Draft","Review draft",IF(W14>'Assumptions'!$B$13,"Review line price","Ready"))))))))))))))))))))
A15: =IF(I15="","",ROW()-5) | B15: DEMO-202 | C15: Juniper Example Workshop (Fictional) | D15: Demo fabrication area exhaust branch | E15: 46272 | F15: Demo Exhaust Fan-B (Fictional) | G15: Morgan Sample (Fictional) | H15: Accessory | I15: Flexible equipment connection collars | J15: 2 | K15: each | L15: 68 | M15: 1.25 | N15: 0 | O15: Contractor | P15: Included | Q15: =IF(OR(I15="",J15="",N15=""),"",IFERROR(J15*(1+N15),"")) | R15: =IF(OR(I15="",Q15="",L15=""),"",IFERROR(Q15*L15,"")) | S15: =IF(OR(I15="",J15="",M15=""),"",IFERROR(J15*M15,"")) | T15: =IF(OR(I15="",S15=""),"",IFERROR(S15*'Assumptions'!$B$4,"")) | U15: =IF(OR(I15="",R15="",T15=""),"",IFERROR(SUM(R15,T15),"")) | V15: =IF(OR(I15="",H15=""),"",IFERROR(VLOOKUP(H15,'Assumptions'!$D$4:$E$8,2,FALSE),"")) | W15: =IF(OR(I15="",P15="",P15="Excluded",U15="",V15=""),"",IFERROR(U15*(1+V15),"")) | X15: =IF(I15="","",IF(B15="","Check job ID",IF(C15="","Check customer",IF(D15="","Check job",IF(E15="","Check date",IF(F15="","Check equipment",IF(G15="","Check technician",IF(H15="","Check category",IF(OR(J15="",J15<=0),"Check quantity",IF(K15="","Check unit",IF(L15="","Check unit cost",IF(M15="","Check labor",IF(N15="","Check waste",IF(O15="","Check responsibility",IF(P15="","Check status",IF(P15="Excluded","Excluded",IF(V15="","Check category markup",IF(U15="","Check cost inputs",IF(P15="Draft","Review draft",IF(W15>'Assumptions'!$B$13,"Review line price","Ready"))))))))))))))))))))
A16: =IF(I16="","",ROW()-5) | Q16: =IF(OR(I16="",J16="",N16=""),"",IFERROR(J16*(1+N16),"")) | R16: =IF(OR(I16="",Q16="",L16=""),"",IFERROR(Q16*L16,"")) | S16: =IF(OR(I16="",J16="",M16=""),"",IFERROR(J16*M16,"")) | T16: =IF(OR(I16="",S16=""),"",IFERROR(S16*'Assumptions'!$B$4,"")) | U16: =IF(OR(I16="",R16="",T16=""),"",IFERROR(SUM(R16,T16),"")) | V16: =IF(OR(I16="",H16=""),"",IFERROR(VLOOKUP(H16,'Assumptions'!$D$4:$E$8,2,FALSE),"")) | W16: =IF(OR(I16="",P16="",P16="Excluded",U16="",V16=""),"",IFERROR(U16*(1+V16),"")) | X16: =IF(I16="","",IF(B16="","Check job ID",IF(C16="","Check customer",IF(D16="","Check job",IF(E16="","Check date",IF(F16="","Check equipment",IF(G16="","Check technician",IF(H16="","Check category",IF(OR(J16="",J16<=0),"Check quantity",IF(K16="","Check unit",IF(L16="","Check unit cost",IF(M16="","Check labor",IF(N16="","Check waste",IF(O16="","Check responsibility",IF(P16="","Check status",IF(P16="Excluded","Excluded",IF(V16="","Check category markup",IF(U16="","Check cost inputs",IF(P16="Draft","Review draft",IF(W16>'Assumptions'!$B$13,"Review line price","Ready"))))))))))))))))))))
A17: =IF(I17="","",ROW()-5) | Q17: =IF(OR(I17="",J17="",N17=""),"",IFERROR(J17*(1+N17),"")) | R17: =IF(OR(I17="",Q17="",L17=""),"",IFERROR(Q17*L17,"")) | S17: =IF(OR(I17="",J17="",M17=""),"",IFERROR(J17*M17,"")) | T17: =IF(OR(I17="",S17=""),"",IFERROR(S17*'Assumptions'!$B$4,"")) | U17: =IF(OR(I17="",R17="",T17=""),"",IFERROR(SUM(R17,T17),"")) | V17: =IF(OR(I17="",H17=""),"",IFERROR(VLOOKUP(H17,'Assumptions'!$D$4:$E$8,2,FALSE),"")) | W17: =IF(OR(I17="",P17="",P17="Excluded",U17="",V17=""),"",IFERROR(U17*(1+V17),"")) | X17: =IF(I17="","",IF(B17="","Check job ID",IF(C17="","Check customer",IF(D17="","Check job",IF(E17="","Check date",IF(F17="","Check equipment",IF(G17="","Check technician",IF(H17="","Check category",IF(OR(J17="",J17<=0),"Check quantity",IF(K17="","Check unit",IF(L17="","Check unit cost",IF(M17="","Check labor",IF(N17="","Check waste",IF(O17="","Check responsibility",IF(P17="","Check status",IF(P17="Excluded","Excluded",IF(V17="","Check category markup",IF(U17="","Check cost inputs",IF(P17="Draft","Review draft",IF(W17>'Assumptions'!$B$13,"Review line price","Ready"))))))))))))))))))))
A18: =IF(I18="","",ROW()-5) | Q18: =IF(OR(I18="",J18="",N18=""),"",IFERROR(J18*(1+N18),"")) | R18: =IF(OR(I18="",Q18="",L18=""),"",IFERROR(Q18*L18,"")) | S18: =IF(OR(I18="",J18="",M18=""),"",IFERROR(J18*M18,"")) | T18: =IF(OR(I18="",S18=""),"",IFERROR(S18*'Assumptions'!$B$4,"")) | U18: =IF(OR(I18="",R18="",T18=""),"",IFERROR(SUM(R18,T18),"")) | V18: =IF(OR(I18="",H18=""),"",IFERROR(VLOOKUP(H18,'Assumptions'!$D$4:$E$8,2,FALSE),"")) | W18: =IF(OR(I18="",P18="",P18="Excluded",U18="",V18=""),"",IFERROR(U18*(1+V18),"")) | X18: =IF(I18="","",IF(B18="","Check job ID",IF(C18="","Check customer",IF(D18="","Check job",IF(E18="","Check date",IF(F18="","Check equipment",IF(G18="","Check technician",IF(H18="","Check category",IF(OR(J18="",J18<=0),"Check quantity",IF(K18="","Check unit",IF(L18="","Check unit cost",IF(M18="","Check labor",IF(N18="","Check waste",IF(O18="","Check responsibility",IF(P18="","Check status",IF(P18="Excluded","Excluded",IF(V18="","Check category markup",IF(U18="","Check cost inputs",IF(P18="Draft","Review draft",IF(W18>'Assumptions'!$B$13,"Review line price","Ready"))))))))))))))))))))
A19: =IF(I19="","",ROW()-5) | Q19: =IF(OR(I19="",J19="",N19=""),"",IFERROR(J19*(1+N19),"")) | R19: =IF(OR(I19="",Q19="",L19=""),"",IFERROR(Q19*L19,"")) | S19: =IF(OR(I19="",J19="",M19=""),"",IFERROR(J19*M19,"")) | T19: =IF(OR(I19="",S19=""),"",IFERROR(S19*'Assumptions'!$B$4,"")) | U19: =IF(OR(I19="",R19="",T19=""),"",IFERROR(SUM(R19,T19),"")) | V19: =IF(OR(I19="",H19=""),"",IFERROR(VLOOKUP(H19,'Assumptions'!$D$4:$E$8,2,FALSE),"")) | W19: =IF(OR(I19="",P19="",P19="Excluded",U19="",V19=""),"",IFERROR(U19*(1+V19),"")) | X19: =IF(I19="","",IF(B19="","Check job ID",IF(C19="","Check customer",IF(D19="","Check job",IF(E19="","Check date",IF(F19="","Check equipment",IF(G19="","Check technician",IF(H19="","Check category",IF(OR(J19="",J19<=0),"Check quantity",IF(K19="","Check unit",IF(L19="","Check unit cost",IF(M19="","Check labor",IF(N19="","Check waste",IF(O19="","Check responsibility",IF(P19="","Check status",IF(P19="Excluded","Excluded",IF(V19="","Check category markup",IF(U19="","Check cost inputs",IF(P19="Draft","Review draft",IF(W19>'Assumptions'!$B$13,"Review line price","Ready"))))))))))))))))))))
A20: =IF(I20="","",ROW()-5) | Q20: =IF(OR(I20="",J20="",N20=""),"",IFERROR(J20*(1+N20),"")) | R20: =IF(OR(I20="",Q20="",L20=""),"",IFERROR(Q20*L20,"")) | S20: =IF(OR(I20="",J20="",M20=""),"",IFERROR(J20*M20,"")) | T20: =IF(OR(I20="",S20=""),"",IFERROR(S20*'Assumptions'!$B$4,"")) | U20: =IF(OR(I20="",R20="",T20=""),"",IFERROR(SUM(R20,T20),"")) | V20: =IF(OR(I20="",H20=""),"",IFERROR(VLOOKUP(H20,'Assumptions'!$D$4:$E$8,2,FALSE),"")) | W20: =IF(OR(I20="",P20="",P20="Excluded",U20="",V20=""),"",IFERROR(U20*(1+V20),"")) | X20: =IF(I20="","",IF(B20="","Check job ID",IF(C20="","Check customer",IF(D20="","Check job",IF(E20="","Check date",IF(F20="","Check equipment",IF(G20="","Check technician",IF(H20="","Check category",IF(OR(J20="",J20<=0),"Check quantity",IF(K20="","Check unit",IF(L20="","Check unit cost",IF(M20="","Check labor",IF(N20="","Check waste",IF(O20="","Check responsibility",IF(P20="","Check status",IF(P20="Excluded","Excluded",IF(V20="","Check category markup",IF(U20="","Check cost inputs",IF(P20="Draft","Review draft",IF(W20>'Assumptions'!$B$13,"Review line price","Ready"))))))))))))))))))))
A21: =IF(I21="","",ROW()-5) | Q21: =IF(OR(I21="",J21="",N21=""),"",IFERROR(J21*(1+N21),"")) | R21: =IF(OR(I21="",Q21="",L21=""),"",IFERROR(Q21*L21,"")) | S21: =IF(OR(I21="",J21="",M21=""),"",IFERROR(J21*M21,"")) | T21: =IF(OR(I21="",S21=""),"",IFERROR(S21*'Assumptions'!$B$4,"")) | U21: =IF(OR(I21="",R21="",T21=""),"",IFERROR(SUM(R21,T21),"")) | V21: =IF(OR(I21="",H21=""),"",IFERROR(VLOOKUP(H21,'Assumptions'!$D$4:$E$8,2,FALSE),"")) | W21: =IF(OR(I21="",P21="",P21="Excluded",U21="",V21=""),"",IFERROR(U21*(1+V21),"")) | X21: =IF(I21="","",IF(B21="","Check job ID",IF(C21="","Check customer",IF(D21="","Check job",IF(E21="","Check date",IF(F21="","Check equipment",IF(G21="","Check technician",IF(H21="","Check category",IF(OR(J21="",J21<=0),"Check quantity",IF(K21="","Check unit",IF(L21="","Check unit cost",IF(M21="","Check labor",IF(N21="","Check waste",IF(O21="","Check responsibility",IF(P21="","Check status",IF(P21="Excluded","Excluded",IF(V21="","Check category markup",IF(U21="","Check cost inputs",IF(P21="Draft","Review draft",IF(W21>'Assumptions'!$B$13,"Review line price","Ready"))))))))))))))))))))
A22: =IF(I22="","",ROW()-5) | Q22: =IF(OR(I22="",J22="",N22=""),"",IFERROR(J22*(1+N22),"")) | R22: =IF(OR(I22="",Q22="",L22=""),"",IFERROR(Q22*L22,"")) | S22: =IF(OR(I22="",J22="",M22=""),"",IFERROR(J22*M22,"")) | T22: =IF(OR(I22="",S22=""),"",IFERROR(S22*'Assumptions'!$B$4,"")) | U22: =IF(OR(I22="",R22="",T22=""),"",IFERROR(SUM(R22,T22),"")) | V22: =IF(OR(I22="",H22=""),"",IFERROR(VLOOKUP(H22,'Assumptions'!$D$4:$E$8,2,FALSE),"")) | W22: =IF(OR(I22="",P22="",P22="Excluded",U22="",V22=""),"",IFERROR(U22*(1+V22),"")) | X22: =IF(I22="","",IF(B22="","Check job ID",IF(C22="","Check customer",IF(D22="","Check job",IF(E22="","Check date",IF(F22="","Check equipment",IF(G22="","Check technician",IF(H22="","Check category",IF(OR(J22="",J22<=0),"Check quantity",IF(K22="","Check unit",IF(L22="","Check unit cost",IF(M22="","Check labor",IF(N22="","Check waste",IF(O22="","Check responsibility",IF(P22="","Check status",IF(P22="Excluded","Excluded",IF(V22="","Check category markup",IF(U22="","Check cost inputs",IF(P22="Draft","Review draft",IF(W22>'Assumptions'!$B$13,"Review line price","Ready"))))))))))))))))))))
A23: =IF(I23="","",ROW()-5) | Q23: =IF(OR(I23="",J23="",N23=""),"",IFERROR(J23*(1+N23),"")) | R23: =IF(OR(I23="",Q23="",L23=""),"",IFERROR(Q23*L23,"")) | S23: =IF(OR(I23="",J23="",M23=""),"",IFERROR(J23*M23,"")) | T23: =IF(OR(I23="",S23=""),"",IFERROR(S23*'Assumptions'!$B$4,"")) | U23: =IF(OR(I23="",R23="",T23=""),"",IFERROR(SUM(R23,T23),"")) | V23: =IF(OR(I23="",H23=""),"",IFERROR(VLOOKUP(H23,'Assumptions'!$D$4:$E$8,2,FALSE),"")) | W23: =IF(OR(I23="",P23="",P23="Excluded",U23="",V23=""),"",IFERROR(U23*(1+V23),"")) | X23: =IF(I23="","",IF(B23="","Check job ID",IF(C23="","Check customer",IF(D23="","Check job",IF(E23="","Check date",IF(F23="","Check equipment",IF(G23="","Check technician",IF(H23="","Check category",IF(OR(J23="",J23<=0),"Check quantity",IF(K23="","Check unit",IF(L23="","Check unit cost",IF(M23="","Check labor",IF(N23="","Check waste",IF(O23="","Check responsibility",IF(P23="","Check status",IF(P23="Excluded","Excluded",IF(V23="","Check category markup",IF(U23="","Check cost inputs",IF(P23="Draft","Review draft",IF(W23>'Assumptions'!$B$13,"Review line price","Ready"))))))))))))))))))))
A24: =IF(I24="","",ROW()-5) | Q24: =IF(OR(I24="",J24="",N24=""),"",IFERROR(J24*(1+N24),"")) | R24: =IF(OR(I24="",Q24="",L24=""),"",IFERROR(Q24*L24,"")) | S24: =IF(OR(I24="",J24="",M24=""),"",IFERROR(J24*M24,"")) | T24: =IF(OR(I24="",S24=""),"",IFERROR(S24*'Assumptions'!$B$4,"")) | U24: =IF(OR(I24="",R24="",T24=""),"",IFERROR(SUM(R24,T24),"")) | V24: =IF(OR(I24="",H24=""),"",IFERROR(VLOOKUP(H24,'Assumptions'!$D$4:$E$8,2,FALSE),"")) | W24: =IF(OR(I24="",P24="",P24="Excluded",U24="",V24=""),"",IFERROR(U24*(1+V24),"")) | X24: =IF(I24="","",IF(B24="","Check job ID",IF(C24="","Check customer",IF(D24="","Check job",IF(E24="","Check date",IF(F24="","Check equipment",IF(G24="","Check technician",IF(H24="","Check category",IF(OR(J24="",J24<=0),"Check quantity",IF(K24="","Check unit",IF(L24="","Check unit cost",IF(M24="","Check labor",IF(N24="","Check waste",IF(O24="","Check responsibility",IF(P24="","Check status",IF(P24="Excluded","Excluded",IF(V24="","Check category markup",IF(U24="","Check cost inputs",IF(P24="Draft","Review draft",IF(W24>'Assumptions'!$B$13,"Review line price","Ready"))))))))))))))))))))
A25: =IF(I25="","",ROW()-5) | Q25: =IF(OR(I25="",J25="",N25=""),"",IFERROR(J25*(1+N25),"")) | R25: =IF(OR(I25="",Q25="",L25=""),"",IFERROR(Q25*L25,"")) | S25: =IF(OR(I25="",J25="",M25=""),"",IFERROR(J25*M25,"")) | T25: =IF(OR(I25="",S25=""),"",IFERROR(S25*'Assumptions'!$B$4,"")) | U25: =IF(OR(I25="",R25="",T25=""),"",IFERROR(SUM(R25,T25),"")) | V25: =IF(OR(I25="",H25=""),"",IFERROR(VLOOKUP(H25,'Assumptions'!$D$4:$E$8,2,FALSE),"")) | W25: =IF(OR(I25="",P25="",P25="Excluded",U25="",V25=""),"",IFERROR(U25*(1+V25),"")) | X25: =IF(I25="","",IF(B25="","Check job ID",IF(C25="","Check customer",IF(D25="","Check job",IF(E25="","Check date",IF(F25="","Check equipment",IF(G25="","Check technician",IF(H25="","Check category",IF(OR(J25="",J25<=0),"Check quantity",IF(K25="","Check unit",IF(L25="","Check unit cost",IF(M25="","Check labor",IF(N25="","Check waste",IF(O25="","Check responsibility",IF(P25="","Check status",IF(P25="Excluded","Excluded",IF(V25="","Check category markup",IF(U25="","Check cost inputs",IF(P25="Draft","Review draft",IF(W25>'Assumptions'!$B$13,"Review line price","Ready"))))))))))))))))))))
A26: =IF(I26="","",ROW()-5) | Q26: =IF(OR(I26="",J26="",N26=""),"",IFERROR(J26*(1+N26),"")) | R26: =IF(OR(I26="",Q26="",L26=""),"",IFERROR(Q26*L26,"")) | S26: =IF(OR(I26="",J26="",M26=""),"",IFERROR(J26*M26,"")) | T26: =IF(OR(I26="",S26=""),"",IFERROR(S26*'Assumptions'!$B$4,"")) | U26: =IF(OR(I26="",R26="",T26=""),"",IFERROR(SUM(R26,T26),"")) | V26: =IF(OR(I26="",H26=""),"",IFERROR(VLOOKUP(H26,'Assumptions'!$D$4:$E$8,2,FALSE),"")) | W26: =IF(OR(I26="",P26="",P26="Excluded",U26="",V26=""),"",IFERROR(U26*(1+V26),"")) | X26: =IF(I26="","",IF(B26="","Check job ID",IF(C26="","Check customer",IF(D26="","Check job",IF(E26="","Check date",IF(F26="","Check equipment",IF(G26="","Check technician",IF(H26="","Check category",IF(OR(J26="",J26<=0),"Check quantity",IF(K26="","Check unit",IF(L26="","Check unit cost",IF(M26="","Check labor",IF(N26="","Check waste",IF(O26="","Check responsibility",IF(P26="","Check status",IF(P26="Excluded","Excluded",IF(V26="","Check category markup",IF(U26="","Check cost inputs",IF(P26="Draft","Review draft",IF(W26>'Assumptions'!$B$13,"Review line price","Ready"))))))))))))))))))))
A27: =IF(I27="","",ROW()-5) | Q27: =IF(OR(I27="",J27="",N27=""),"",IFERROR(J27*(1+N27),"")) | R27: =IF(OR(I27="",Q27="",L27=""),"",IFERROR(Q27*L27,"")) | S27: =IF(OR(I27="",J27="",M27=""),"",IFERROR(J27*M27,"")) | T27: =IF(OR(I27="",S27=""),"",IFERROR(S27*'Assumptions'!$B$4,"")) | U27: =IF(OR(I27="",R27="",T27=""),"",IFERROR(SUM(R27,T27),"")) | V27: =IF(OR(I27="",H27=""),"",IFERROR(VLOOKUP(H27,'Assumptions'!$D$4:$E$8,2,FALSE),"")) | W27: =IF(OR(I27="",P27="",P27="Excluded",U27="",V27=""),"",IFERROR(U27*(1+V27),"")) | X27: =IF(I27="","",IF(B27="","Check job ID",IF(C27="","Check customer",IF(D27="","Check job",IF(E27="","Check date",IF(F27="","Check equipment",IF(G27="","Check technician",IF(H27="","Check category",IF(OR(J27="",J27<=0),"Check quantity",IF(K27="","Check unit",IF(L27="","Check unit cost",IF(M27="","Check labor",IF(N27="","Check waste",IF(O27="","Check responsibility",IF(P27="","Check status",IF(P27="Excluded","Excluded",IF(V27="","Check category markup",IF(U27="","Check cost inputs",IF(P27="Draft","Review draft",IF(W27>'Assumptions'!$B$13,"Review line price","Ready"))))))))))))))))))))
... A105: =IF(I105="","",ROW()-5) | Q105: =IF(OR(I105="",J105="",N105=""),"",IFERROR(J105*(1+N105),"")) | R105: =IF(OR(I105="",Q105="",L105=""),"",IFERROR(Q105*L105,"")) | S105: =IF(OR(I105="",J105="",M105=""),"",IFERROR(J105*M105,"")) | T105: =IF(OR(I105="",S105=""),"",IFERROR(S105*'Assumptions'!$B$4,"")) | U105: =IF(OR(I105="",R105="",T105=""),"",IFERROR(SUM(R105,T105),"")) | V105: =IF(OR(I105="",H105=""),"",IFERROR(VLOOKUP(H105,'Assumptions'!$D$4:$E$8,2,FALSE),"")) | W105: =IF(OR(I105="",P105="",P105="Excluded",U105="",V105=""),"",IFERROR(U105*(1+V105),"")) | X105: =IF(I105="","",IF(B105="","Check job ID",IF(C105="","Check customer",IF(D105="","Check job",IF(E105="","Check date",IF(F105="","Check equipment",IF(G105="","Check technician",IF(H105="","Check category",IF(OR(J105="",J105<=0),"Check quantity",IF(K105="","Check unit",IF(L105="","Check unit cost",IF(M105="","Check labor",IF(N105="","Check waste",IF(O105="","Check responsibility",IF(P105="","Check status",IF(P105="Excluded","Excluded",IF(V105="","Check category markup",IF(U105="","Check cost inputs",IF(P105="Draft","Review draft",IF(W105>'Assumptions'!$B$13,"Review line price","Ready"))))))))))))))))))))

Sheet Assumptions
A1: Estimate Assumptions and Lists
A2: Orange cells are editable estimating assumptions or validation choices.
A3: Assumption | B3: Value | C3: Use | D3: Category | E3: Default Markup | G3: Unit | I3: Responsibility | K3: Status
A4: Labor rate | B4: 92 | C4: Applied to calculated labor hours; verify for each estimate. | D4: Rectangular Duct | E4: 0.25 | G4: ft | I4: Contractor | K4: Draft
A5: Minimum quantity | B5: 0.01 | C5: Lower quantity allowed on estimate lines. | D5: Spiral Duct | E5: 0.25 | G5: sq ft | I5: Customer | K5: Reviewed
A6: Maximum quantity | B6: 10000 | C6: Upper quantity allowed on estimate lines. | D6: Fitting | E6: 0.3 | G6: each | I6: Other | K6: Included
A7: Minimum labor hours per unit | B7: 0 | C7: Lower labor input allowed per unit. | D7: Insulation | E7: 0.25 | G7: lb | K7: Excluded
A8: Maximum labor hours per unit | B8: 40 | C8: Upper labor input allowed per unit. | D8: Accessory | E8: 0.3
A9: Earliest estimate date | B9: 45658 | C9: Lower date allowed on estimate lines.
A10: Latest estimate date | B10: 48213 | C10: Upper date allowed on estimate lines.
A11: Minimum waste allowance | B11: 0 | C11: Lower waste percentage allowed.
A12: Maximum waste allowance | B12: 0.5 | C12: Upper waste percentage allowed.
A13: Line price review threshold | B13: 7000 | C13: Prompts a human review when a line price is higher.
A14: Minimum material unit cost | B14: 0 | C14: Lower material unit cost allowed.
A15: Maximum material unit cost | B15: 100000 | C15: Upper material unit cost allowed.
